 Dungeon Sprint DCSS version 0.17-a0-1533-g2f57bce (webtiles) character file.

78 ztt the Skirmisher (level 4, -3/45 HPs)
             Began as a Minotaur Fighter on July 16, 2015.
             Killed from afar by an oklob sapling priest (10 damage)
             ... with a splash of acid
             ... in the Dungeon (Sprint IV: "Fedhas' Mad Dash").
             The game lasted 00:00:37 (914 turns).

ztt the Skirmisher (Minotaur Fighter)                Turns: 914, Time: 00:00:37

Health: -3/45      AC:  3    Str: 21    XL:     4   Next: 15%
Magic:  3/3        EV:  8    Int:  5    God:
Gold:   41         SH: 10    Dex: 10    Spells: 0 memorised, 3 levels left

rFire  . . .     SeeInvis .     a - +0 war axe
rCold  . . .     Clarity  .     b - +0 scale mail
rNeg   . . .     SustAt   .     c - +0 shield
rPois  .         Gourm    .     (helmet restricted)
rElec  .         Spirit   .     (no cloak)
rCorr  .         Warding  .     (no gloves)
rMut   .         NoTele   +     (no boots)
MR     .....                    (no amulet)
Stlth  ..........               (no ring)
                                (no ring)

@: corroded equipment, not resistant to hostile enchantments, extremely
unstealthy
A: retaliatory headbutt, horns 2
a: no special abilities


You were in the Dungeon.
You were not hungry.

You visited 1 branch You collected 41 gold pieces.

Inventory:

Hand weapons
 a - a +0 war axe (weapon)
Armour
 b - a +0 scale mail (worn)
 c - a +0 shield (worn)
Scrolls
 k - a scroll of blinking
Potions
 d - a potion of might
 f - a potion of curing
 g - a potion of heal wounds
 h - a potion of haste
 i - 2 potions of magic
 j - a potion of berserk rage
Comestibles
 e - a bread ration
 l - a beef jerky


   Skills:
 + Level 6.5 Fighting
 + Level 3.6 Axes
 + Level 6.3 Armour
 + Level 1.2 Dodging
 + Level 6.4 Shields


You had 3 spell levels left.
You didn't know any spells.

Dungeon Overview and Level Annotations

Branches:
Dungeon (1/1)

Altars:
Cheibriados
Dithmenos
Elyvilon
Gozag
Kikubaaqudgha
Makhleb
Nemelex Xobeh
Okawaru
Ru
Sif Muna
Trog
Vehumet
Xom
Yredelemnul
Zin
The Shining One
Beogh
Jiyva
Lugonu

Annotations:
D exclusion: oklob sapling


Innate Abilities, Weirdness & Mutations

You reflexively headbutt those who attack you in melee.
You have a pair of horns on your head.


Message History

Found an opulent altar of Gozag.
There is a glowing silver altar of Zin here.
Found a basalt altar of Yredelemnul and a roughly hewn altar of Beogh.
You hit the oklob sapling priest but do no damage.
The oklob sapling priest casts a cantrip, but nothing happens.
You hit the oklob sapling priest.
You headbutt the oklob sapling priest, but do no damage.
The oklob sapling priest is moderately damaged.
The oklob sapling priest mumbles some strange prayers to its god against you.
Something smites you!
* * * LOW HITPOINT WARNING * * *
You are too injured to fight recklessly!
You are too injured to fight recklessly!
You are too injured to fight recklessly!
You are too injured to fight recklessly!
You hit the oklob sapling priest.
The oklob sapling priest is heavily damaged.
The oklob sapling priest spits acid at you.
The splash of acid hits you!
You die...

########################
.÷...#.....#.⌠.........⌠
.....'.#.).'._._@_._._._
.....#.#=..#_._._P_._._.
#########'##._._._._._._
+...#.⌠...._....⌠
#$.$############# #####


You could see an oklob sapling priest.

Vanquished Creatures
  2 oklob saplings (D)
  A worker ant (D)
  A river rat (D)
  A rat (D)
5 creatures vanquished.

Notes
Turn   | Place    | Note
--------------------------------------------------------------
     0 | D        | ztt the Minotaur Fighter began the quest for the Orb.
     0 | D        | Reached XP level 1. HP: 19/19 MP: 0/0
    11 | D        | Reached skill level 4 in Fighting
    11 | D        | Reached XP level 2. HP: 11/28 MP: 1/1
   302 | D        | Noticed an oklob sapling
   304 | D        | Killed an oklob sapling
   304 | D        | Reached skill level 5 in Fighting
   304 | D        | Reached skill level 5 in Armour
   304 | D        | Reached skill level 5 in Shields
   304 | D        | Reached XP level 3. HP: 34/37 MP: 2/2
   330 | D        | Noticed a worker ant
   336 | D        | Killed a worker ant
   336 | D        | Reached skill level 6 in Fighting
   706 | D        | Noticed an oklob sapling
   711 | D        | Killed an oklob sapling
   711 | D        | Reached skill level 1 in Dodging
   711 | D        | Reached XP level 4. HP: 16/45 MP: 3/3
   905 | D        | Found a snail-covered altar of Cheibriados.
   905 | D        | Found a glowing silver altar of Zin.
   905 | D        | Found a white marble altar of Elyvilon.
   905 | D        | Found a viscous altar of Jiyva.
   905 | D        | Found a radiant altar of Vehumet.
   905 | D        | Found a deep blue altar of Sif Muna.
   905 | D        | Found an ancient bone altar of Kikubaaqudgha.
   905 | D        | Found a bloodstained altar of Trog.
   905 | D        | Found a corrupted altar of Lugonu.
   905 | D        | Noticed an oklob sapling priest
   906 | D        | Found a burning altar of Makhleb.
   906 | D        | Found a sacrificial altar of Ru.
   907 | D        | Found a glowing golden altar of the Shining One.
   907 | D        | Found a sparkling altar of Nemelex Xobeh.
   908 | D        | Found a shadowy altar of Dithmenos.
   909 | D        | Found an iron altar of Okawaru.
   909 | D        | Found a shimmering altar of Xom.
   910 | D        | Found an opulent altar of Gozag.
   911 | D        | Found a basalt altar of Yredelemnul.
   911 | D        | Found a roughly hewn altar of Beogh.
   914 | D        | Killed from afar by an oklob sapling priest

Vault maps used:
D:        dungeon_sprint_fedhas

Action                   |  1- 3 |  4- 6 || total
-------------------------+-------+-------++-------
Melee: War axe           |    15 |     3 ||    18
